 Dungeon Crawl Stone Soup version 0.17.1-2-g5865329 (webtiles) character file.

30 Glider the Stinger (level 3, -3/21 HPs)
             Began as an Octopode Venom Mage on Jan 22, 2016.
             Killed from afar by Sigmund (8 damage)
             ... with a puff of flame
             ... on level 2 of the Dungeon.
             The game lasted 00:04:09 (1341 turns).

Glider the Stinger (Octopode Venom Mage)            Turns: 1341, Time: 00:04:09

Health: -3/21      AC:  1    Str:  7    XL:     3   Next: 20%
Magic:  4/7        EV: 12    Int: 18    God:
Gold:   41         SH:  0    Dex: 12    Spells: 1 memorised, 6 levels left

rFire  . . .     SeeInvis .     c - +0 dagger
rCold  . . .     Clarity  .     (no shield)
rNeg   . . .     SustAt   .     (helmet restricted)
rPois  .         Gourm    .     j - amulet of stasis
rElec  .         Spirit   .     (no ring)
rCorr  .         Warding  .     (no ring)
rMut   .         Stasis   +     (no ring)
MR     .....                    (no ring)
Stlth  +++.......               (no ring)
                                (no ring)
                                (no ring)
                                (no ring)

@: not resistant to hostile enchantments, fairly stealthy
A: almost no armour, amphibious, 8 rings, constrict 8, camouflage 1, gelatinous
body 1
a: no special abilities


You were on level 2 of the Dungeon.
You were not hungry.

You visited 1 branch of the dungeon, and saw 2 of its levels.

You collected 41 gold pieces.

Inventory:

Hand Weapons
 c - a +0 dagger (weapon)
Missiles
 f - 8 tomahawks (quivered)
Jewellery
 j - an amulet of stasis (around mantle)
Scrolls
 e - 2 scrolls of remove curse {unknown}
 g - a scroll of fog {unknown}
 h - a scroll of amnesia {unknown}
 i - a scroll of recharging {unknown}
 k - a scroll of random uselessness {unknown}
 l - a scroll of identify {unknown}
Potions
 d - a potion of heal wounds {unknown}
Books
 a - a Young Poisoner's Handbook

   Spells                             Type                      Level
   a - Sting                          Conjuration/Poison           1
   b - Cure Poison                    Poison                       2
   c - Mephitic Cloud                 Conjuration/Poison/Air       3
   d - Olgreb's Toxic Radiance        Poison                       4
   e - Venom Bolt                     Conjuration/Poison           5
Comestibles
 b - a bread ration


   Skills:
 - Level 2.0 Dodging
 * Level 2.9 Stealth
 * Level 2.7 Spellcasting
 * Level 1.1 Conjurations
 - Level 5.0 Poison Magic


You had 6 spell levels left.
You knew the following spells:

 Your Spells              Type           Power        Failure   Level  Hunger
a - Sting                 Conj/Pois      ##..         6%          1    None


Dungeon Overview and Level Annotations

Branches:
Dungeon (2/15)

Altars:

Annotations:
D:2 Sigmund


Innate Abilities, Weirdness & Mutations

You cannot wear most types of armour.
You are amphibious.
You can wear up to eight rings at the same time.
You can use your tentacles to constrict eight enemies at once.
Your skin changes colour to match your surroundings (Stealth).
Your rubbery body absorbs attacks (AC +1).


Message History

Aim: Sigmund, wielding a scythe and wearing a robe (moderately wounded, poisoned)
The sting hits Sigmund.
Sigmund looks even sicker.
Sigmund is heavily wounded.
The goblin shouts!
Sigmund hits you from afar with a scythe!
Ouch! That really hurt!
* * * LOW HITPOINT WARNING * * *
Sigmund gestures wildly while chanting.
Sigmund flickers and vanishes!
Deactivating autopickup; reactivate with Ctrl-A.
Casting: Sting
Confirm with . or Enter, or press ? or * to list all spells.
Aiming: Sting
Press: ? - help, Shift-Dir - straight line, f - goblin
Aim: a goblin The sting hits the goblin.
The goblin is severely wounded.
A puff of flame appears from out of thin air!
The puff of flame hits you!
You die...

#. #.# #.. #.# #..##
#.# ##.... ##.##
#.....# ##...#######
.......###..........#
.......!#.......###.#
....r....g....@...<.#
......[.#.......##..#
%......###......##..#
#.....# ##...#.##..#
##...# #.........#
##+# #.###.###.# #..
[.....# ### #.#####
#.#


You could see a goblin.

Vanquished Creatures
  A giant gecko (D:1)
  2 ball pythons (D:1)
  2 bats (D:1)
  6 hobgoblins (D:1)
  5 kobolds (D:1)
  A giant newt (D:1)
  3 goblins (D:1)
  8 rats
28 creatures vanquished.

Notes
Turn   | Place    | Note
--------------------------------------------------------------
     0 | D:1      | Glider the Octopode Venom Mage began the quest for the Orb.
     0 | D:1      | Reached XP level 1. HP: 11/11 MP: 3/3
     6 | D:1      | Noticed a hound
     6 | D:1      | Noticed a polar bear
     6 | D:1      | Noticed a black mamba
     6 | D:1      | Noticed a fire drake
     6 | D:1      | Noticed a swamp worm
   149 | D:1      | Reached skill level 5 in Poison Magic
   189 | D:1      | Reached XP level 2. HP: 6/17 MP: 1/5
   854 | D:1      | Reached skill level 1 in Conjurations
   919 | D:1      | Reached XP level 3. HP: 14/21 MP: 2/7
  1329 | D:2      | Noticed Sigmund
  1341 | D:2      | Killed from afar by Sigmund

Action                   || total
-------------------------++-------
Melee: Dagger            ||    63
       Unarmed           ||     8
 Cast: Sting             ||    19
 Stab: Sleeping          ||     1
  Eat: Chunk             ||     1
